 Dungeon Crawl Stone Soup version 0.32-a0-433-g08bcfe7efd (webtiles) character file.

Game seed: 13630606694388740043

5141 PriceMaster the Thaumaturge (level 10, 0/47 HPs)
             Began as a Spriggan Conjurer on Feb 23, 2024.
             Killed by an exploding orc wizard (31 damage)
             ... ignited by their inner flame
             ... on level 8 of the Dungeon.
             The game lasted 00:17:29 (11464 turns).

PriceMaster the Thaumaturge (Spriggan Conjurer)    Turns: 11464, Time: 00:17:29

Health: 0/47       AC:  7    Str:  3    XL:     10   Next: 33%
Magic:  7/23       EV: 24    Int: 25    God:
Gold:   508        SH:  0    Dex: 13    Spells: 16/25 levels left

rFire   . . .        r - melded +2 spear (freeze)
rCold   . . .        u - melded orb {*channel}
rNeg    . . .        a - melded +0 robe
rPois   +            (helmet restricted)
rElec   .            F - +2 cloak {Will+}
rCorr   .            (gloves unavailable)
SInv    +            (boots unavailable)
Will    ++...        k - amulet of regeneration
Stlth   +            s - ring of poison resistance
HPRegen 1.07/turn    v - +4 ring of protection
MPRegen 0.18/turn

%: no passive effects
@: flux-form, glowing, very quick
A: glow, contaminating, very small, no large weapons, unfitting armour, see
invisible, speed 3
a: Begin Untransformation


You were on level 8 of the Dungeon.
You were something dangerously unstable.
You visited 1 branch of the dungeon, and saw 8 of its levels.

You collected 566 gold pieces.
You spent 58 gold pieces at shops.

Inventory:

Hand Weapons
 i - a +0 dagger
 j - a +1 dagger of electrocution
 r - a +2 spear of freezing (melded)
 x - a +0 spear
Armour
 a - a +0 robe (melded)
 g - a +0 cloak
 q - a scarf of repulsion
 u - an orb of energy (melded)
 F - a +2 cloak of willpower (worn)
 G - +0 steam dragon scales
Jewellery
 k - an amulet of regeneration (around neck)
 s - a ring of poison resistance (left hand)
 v - a +4 ring of protection (right hand)
 D - a ring of positive energy
 L - a ring of protection from fire
Talismans
 h - a flux talisman (active)
Wands
 m - a wand of digging (9)
 t - a wand of flame (35)
 y - a wand of iceblast (14)
 E - a wand of quicksilver (15)
 I - a wand of polymorph (3)
Scrolls
 c - 3 scrolls of teleportation
 d - 2 scrolls of revelation
 p - 2 scrolls of blinking
 A - a scroll of poison {unknown}
 B - a scroll of immolation
 H - a scroll of identify
 J - a scroll of fog {unknown}
 K - a scroll of torment {unknown}
Potions
 b - a potion of magic
 e - 4 potions of heal wounds
 f - a potion of lignification
 l - 3 potions of mutation {unknown}
 n - a potion of haste {unknown}
 o - 2 potions of curing {unknown}
 w - a potion of brilliance {unknown}
 z - a potion of might {unknown}
 C - a potion of degeneration {unknown}


   Skills:
 + Level 2.3 Fighting
 + Level 2.9 Short Blades
 + Level 1.9 Polearms
 + Level 7.7 Dodging
 + Level 5.9 Stealth
 + Level 3.2 Unarmed Combat
 + Level 8.3 Spellcasting
 + Level 5.9 Conjurations
 + Level 1.7 Necromancy
 + Level 0.9 Translocations
 + Level 2.9 Evocations
 * Level 8.3 Shapeshifting


You had 16 spell levels left.
You knew the following spells:

 Your Spells              Type           Power      Damage    Failure   Level
a - Magic Dart            Conj           100%       1d8       1%          1
b - Searing Ray           Conj           80%        2d7       1%          2
c - Sublimation of Blood  Necr           19%        N/A       4%          2
d - Iskenderun's Mystic   Conj/Tloc      27%        2d7       14%         4

Your spell library contained the following spells:

 Spells                   Type           Power      Damage    Failure   Level
 Call Imp                 Summ           20%        N/A       9%          2
 Fulminant Prism          Conj/Alch      12%        3d8       17%         4
 Summon Hydra             Summ           5%         N/A       100%        7


Dungeon Overview and Level Annotations

Branches:
Dungeon (8/15)             Temple (0/1) D:4
   Lair: D:8-11

Altars:
Hepliaklqana
The Shining One

Shops:
D:1 [?(

Annotations:
D:8 6 transporters


Innate Abilities, Weirdness & Mutations

You are something dangerously unstable.
You glow with magical radiation, making you easy to see and hit.
Foes you strike become dangerously contaminated with magical radiation.
You are incapable of wielding weapons or throwing items.
You are very small and have problems with some larger weapons.
You are too small for most types of armour.
You have supernaturally acute eyesight. (SInv)
You cover ground extremely quickly. (Speed+++)


Message History

The magic dart hits the wolf!
Flame seeps out of the wolf.
The wolf is moderately wounded.
The plant is engulfed in blazing flames.
The wolf is engulfed in blazing flames.
Flame seeps out of the wolf.
The orc priest hits the plant with a +0 dagger.
An orc wizard comes into view. It is wielding a +0 dagger.
An orc comes into view. It is wielding a +0 whip.
An orc wizard comes into view. It is wielding a +0 dagger.
The orc wizard hits the plant with a +0 dagger.
The wolf is engulfed in blazing flames.
Flame seeps out of the wolf.
The wolf stops to sniff the ground.
Casting: Magic Dart (safe; 1% risk of failure)
Confirm with . or Enter, or press ? or * to list all spells.
You erupt in a blast of force!
The mystic blast hits the wolf!
The wolf explodes!
The fiery explosion engulfs you!!
Ouch! That really hurt!
The plant is engulfed in blazing flames.
The orc priest hits the plant with a +0 dagger.
An orc comes into view. It is wielding a +0 flail.
The orc wizard hits the plant with a +0 dagger.
The orc priest shouts, "Surrender to Beogh and we'll let you live!" (press Y on the ability menu to convert to Beogh)
The plant is engulfed in blazing flames.
A nearby plant withers and dies.
The orc priest looks encouraged for a moment.
You start resting.
An orc is nearby!
Your magical contamination has completely faded away.
You closely miss the orc wizard. You hit the orc wizard.
Flame seeps out of the orc wizard.
The orc wizard begins to glow.
The orc wizard is lightly wounded.
The orc wizard is engulfed in blazing flames.
The orc wizard explodes!
The fiery explosion engulfs the orc!!
You kill the orc!
The fiery explosion engulfs you!!
Ouch! That really hurt!
You die...

...oooP.. #.......###
..)).o.#.## .).$[ #..# #
... ##.##########.#
#o##.##o# #.#...........#
#.o..)oo###§..#..########
####.##oo§○§.###.#
#####p..#..# #.#...##
#.##### #.# ##.##
########.#.###########
#.......###..........#
#.######.#.#########.#
##...## #.#


You could see 2 orc wizards and 2 orcs.

Vanquished Creatures
  Maggie (D:8)
  Grinder (D:4)
  Sigmund (D:4)
  A wraith (D:7)
  Eustachio (D:4)
  A steam dragon (D:7)
  Edmund (D:4)
  An acid dragon (D:8)
  2 water moccasins (D:7)
  2 orc warriors (D:8)
  3 black bears
  An ice beast (D:6)
  A sky beast (D:6)
  2 ogres
  2 wolves (D:8)
  3 centaurs
  A phantom (D:7)
  A kobold brigand (D:8)
  A gnoll sergeant (D:6)
  2 bullfrogs
  9 wights
  15 killer bees
  4 howler monkeys
  6 hounds
  Crazy Yiuf (D:7)
  A gnoll bouda (D:5)
  An orc priest (D:8)
  A jelly (D:5)
  3 iguanas
  Ijyb (D:5)
  An orc wizard (D:8)
  2 sleepcaps
  6 adders
  18 gnolls
  2 white imps
  6 ufetubi
  4 dart slugs
  2 ribbon worms
  15 orcs
  8 endoplasms
  6 giant cockroaches
  8 goblins
  12 hobgoblins
  8 jackals
  9 quokkas
  3 ball pythons
  4 bats
  A frilled lizard (D:2)
  13 kobolds
  8 rats
207 creatures vanquished.

Notes
Turn   | Place    | Note
-------+----------+-------------------------------------------
     0 | D:1      | PriceMaster the Spriggan Conjurer began the quest for the
                  | Orb.
     0 | D:1      | Reached XP level 1. HP: 9/9 MP: 5/5
   349 | D:1      | Reached XP level 2. HP: 10/13 MP: 0/6
   352 | D:1      | Learned a level 2 spell: Searing Ray
   528 | D:1      | Learned a level 2 spell: Sublimation of Blood
   549 | D:1      | Found Matyun's Armour Shoppe.
   557 | D:1      | Bought a +0 cloak for 58 gold pieces
   635 | D:1      | Found Waseloom's Magic Scroll Shop.
   721 | D:1      | Found Dycem's Weapon Boutique.
  1007 | D:1      | Found a faded altar of an unknown god.
  1363 | D:2      | Reached XP level 3. HP: 16/16 MP: 3/8
  1884 | D:2      | Reached XP level 4. HP: 21/21 MP: 10/10
  2154 | D:3      | Noticed a black bear
  2169 | D:3      | Killed a black bear
  2170 | D:3      | Reached skill level 1 in Shapeshifting
  2170 | D:3      | Reached XP level 5. HP: 23/24 MP: 1/12
  2355 | D:3      | Reached skill level 1 in Short Blades
  2526 | D:3      | Found a glowing golden altar of the Shining One.
  2535 | D:3      | Found a hazy altar of Hepliaklqana.
  2834 | D:4      | Found a staircase to the Ecumenical Temple.
  3210 | D:4      | Noticed a centaur
  3214 | D:4      | Killed a centaur
  3215 | D:4      | Reached XP level 6. HP: 19/29 MP: 11/13
  3235 | D:4      | Noticed Edmund
  3245 | D:4      | Killed Edmund
  3492 | D:4      | Noticed Eustachio
  3504 | D:4      | Killed Eustachio
  3505 | D:4      | Reached skill level 5 in Spellcasting
  3505 | D:4      | Reached skill level 1 in Evocations
  3505 | D:4      | Reached XP level 7. HP: 32/32 MP: 13/15
  3919 | D:4      | Noticed Grinder
  3922 | D:4      | Killed Grinder
  3922 | D:4      | Noticed Sigmund
  3923 | D:4      | Reached skill level 1 in Fighting
  3923 | D:4      | Reached skill level 5 in Stealth
  3929 | D:4      | Killed Sigmund
  3930 | D:4      | Reached skill level 1 in Necromancy
  4402 | D:5      | Entered Level 5 of the Dungeon
  4727 | D:5      | Reached XP level 8. HP: 37/37 MP: 15/17
  5169 | D:5      | Reached skill level 5 in Shapeshifting
  5511 | D:5      | Noticed Ijyb
  5518 | D:5      | Killed Ijyb
  6387 | D:6      | Reached skill level 5 in Conjurations
  6438 | D:6      | Reached skill level 1 in Polearms
  6724 | D:6      | Reached skill level 5 in Dodging
  6929 | D:6      | Reached XP level 9. HP: 41/41 MP: 17/20
  8404 | D:7      | Reached skill level 1 in Unarmed Combat
  9422 | D:7      | Found a runed translucent door.
  9423 | D:7      | Noticed Crazy Yiuf
  9659 | D:7      | Killed Crazy Yiuf
  9720 | D:8      | Noticed Maggie
  9737 | D:8      | Killed Maggie
 10010 | D:8      | Found a transporter.
 10252 | D:7      | Learned a level 4 spell: Iskenderun's Mystic Blast
 10264 | D:8      | Reached XP level 10. HP: 46/46 MP: 12/23
 10477 | D:8      | Found a transporter.
 10487 | D:8      | Found a transporter.
 10506 | D:8      | Found a transporter.
 10509 | D:8      | Found a transporter.
 10999 | D:8      | Found a transporter.
 11464 | D:8      | Killed by an exploding orc wizard... ignited by their inner
                  | flame

Illustrated notes

Levels and vault maps discovered:
D:1:      wander_arrival_fairy_ring, layout_basic, serial_shops,
          nicolae_lakefront_shop, shop, shop, dreamdust_ecumenical_altar_grove
D:2:      layout_loops_ring
D:3:      layout_rooms, chequers_temple_overflow_statue_of_worship
D:4:      layout_basic, minmay_temple_entry_ruins, feat_on_display,
          uniq_grinder, uniq_edmund, uniq_eustachio, uniq_sigmund
D:5:      layout_loops_cross, uniq_ijyb
D:6:      layout_layer_cave, kennysheep_generic_room_13
D:7:      layout_rooms, uniq_crazy_yiuf_cottage
D:8:      layout_loops_corners, erik_lair_orcish_takeover, nrook_campfire,
          serial_nicolae_subway, nicolae_sub_station_metal,
          nicolae_sub_station_crystal, nicolae_sub_station_stone, uniq_amaemon,
          uniq_maggie

Skill      XL: |  1  2  3  4  5  6  7  8  9 10 |
---------------+-------------------------------+-----
Conjurations   | 3 4 5 |  5.9
Spellcasting   | 3 4 5 6 8 |  8.3
Dodging        | 3 4 5 6 7 |  7.7
Shapeshifting  | 1 2 3 4 5 7 8 |  8.3
Short Blades   | 1 2 |  2.9
Stealth        | 4 5 |  5.9
Evocations     | 1 2 |  2.9
Fighting       | 1 2 |  2.3
Necromancy     | 1 |  1.7
Polearms       | 1 |  1.9
Unarmed Combat | 2 3 |  3.2
Translocations | |  0.9

Action                     |  1- 3 |  4- 6 |  7- 9 | 10-12 || total
---------------------------+-------+-------+-------+-------++-------
  Melee: Unarmed           |     5 |       |   180 |    98 ||   283
         Dagger            |    12 |    74 |     6 |       ||    92
         Spear             |       |       |    97 |       ||    97
   Cast: Magic Dart        |    71 |    36 |   127 |    18 ||   252
         Searing Ray       |     3 |     7 |    51 |     5 ||    66
         Sublimation of Bl |     1 |     1 |     2 |       ||     4
         Iskenderun's Myst |       |       |     1 |     6 ||     7
  Evoke: Wand              |       |    11 |     7 |       ||    18
    Use: Scroll            |     1 |       |     7 |     1 ||     9
   Stab: Sleeping          |     1 |     3 |     1 |       ||     5
         Distracted        |     1 |       |       |       ||     1
 Armour: Robe              |     6 |    25 |    56 |       ||    87
         Skin              |       |       |    70 |    33 ||   103
  Dodge: Dodged            |    10 |    67 |   376 |   129 ||   582
         Repelled          |       |       |     2 |       ||     2
   Form: Flux              |       |       |     2 |     1 ||     3
                           |       |       |     1 |     1 ||     2

Table legend: (Time is in decaauts)
 A = Elapsed time spent in this place.
 B = Non-inter-level travel time spent in this place.
 C = Inter-level travel time spent in this place.
 D = Time resting spent in this place.
 E = Time spent auto-exploring this place.
 F = Levels seen in this place.
 G = Mean time per level.
                   A        B        C        D        E       F      G
               +--------+--------+--------+--------+--------+-----+--------+
         Total |   9430 |   9328 |    102 |   3606 |   4275 |   8 | 1178.8 |
       Dungeon |   9430 |   9328 |    102 |   3606 |   4275 |   8 | 1178.8 |
               +--------+--------+--------+--------+--------+-----+--------+

Top non-repeatable levels by time:
     D:6: 1650 daAuts
     D:7: 1619 daAuts
     D:4: 1535 daAuts
     D:8: 1361 daAuts
     D:5: 1060 daAuts
     D:1: 905 daAuts
     D:2: 662 daAuts
     D:3: 635 daAuts
